 Dungeon Crawl Stone Soup version 0.30-a0-377-g5cb311bc9f (webtiles) character file.

Game seed: 11627926327306193619

71 Ottie3000 the Covered (level 4, -4/37 HPs)
             Began as a Barachi Fighter on Nov 27, 2022.
             Killed by divine providence
             ... invoked by an orc priest
              (15 damage)
             ... on level 3 of the Dungeon.
             The game lasted 00:15:18 (2032 turns).

Ottie3000 the Covered (Barachi Fighter)             Turns: 2032, Time: 00:15:18

Health: -4/37      AC: 11    Str: 19    XL:     4   Next: 24%
Magic:  4/4        EV:  7    Int:  9    God:
Gold:   95         SH:  0    Dex: 11    Spells: 2/3 levels left

rFire   . . .      SeeInvis .    a - +0 long sword
rCold   . . .      Faith    .    c - +0 buckler
rNeg    . . .      Spirit   .    p - +0 chain mail
rPois   .          Reflect  .    i - +0 helmet
rElec   .          Harm     .    (no cloak)
rCorr   .          Rampage  .    (no gloves)
Will    .....                    r - +0 pair of boots
Stlth   ..........               (no amulet)
HPRegen 0.26/turn                (no ring)
MPRegen 0.09/turn                (no ring)

@: confused, studying Unarmed Combat, slow
A: amphibious, slowness 1, strong legs 1, +LOS
a: Hop


You were on level 3 of the Dungeon.
You visited 1 branch of the dungeon, and saw 3 of its levels.

You collected 95 gold pieces.

Inventory:

Hand Weapons
 a - a +0 long sword (weapon)
Armour
 b - a +0 scale mail
 c - a +0 buckler (worn)
 i - a +0 helmet (worn)
 p - a +0 chain mail (worn)
 r - a +0 pair of boots (worn)
Magical Staves
 o - a staff of conjuration
Scrolls
 e - a scroll of teleportation {unknown}
 f - a scroll of magic mapping {unknown}
 j - a scroll of identify {unknown}
 k - a scroll of amnesia {unknown}
 m - a scroll of brand weapon {unknown}
Potions
 d - a potion of might
 g - a potion of curing {unknown}
 h - a potion of lignification {unknown}
 l - a potion of degeneration {unknown}
 n - a potion of haste {unknown}
 q - a potion of invisibility {unknown}


   Skills:
 + Level 4.2 Fighting
 + Level 3.8 Long Blades
 + Level 4.2 Armour
 + Level 0.1 Dodging
 + Level 0.1 Stealth
 + Level 3.6 Shields


You had 2 spell levels left.
You knew the following spells:

 Your Spells              Type           Power      Damage    Failure   Level
a - Magic Dart            Conj           0%         1d3       99%         1

Your spell library contained the following spells:

 Spells                   Type           Power      Damage    Failure   Level
 Searing Ray              Conj           0%         2d4       100%        2
 Stone Arrow              Conj/Erth      0%         3d7       100%        3
 Animate Armour           Summ/Erth      0%         N/A       100%        4
 Fulminant Prism          Conj/Hex       0%         3d5       100%        4
 Lehudib's Crystal Spear  Conj/Erth      0%         10d2      100%        8


Dungeon Overview and Level Annotations

Branches:
Dungeon (3/15)

Altars:


Innate Abilities, Weirdness & Mutations

You are amphibious.
You cover ground slowly.
You can hop short distances.
You have an extended range of vision and can be seen from far away.


Message History

You kill the orc!
The adder bites you but does no damage. Something hits you but does no damage.
You see here a +0 war axe.
You closely miss the adder. The adder barely misses you.
The adder bites you but does no damage.
You barely miss the adder. The adder bites you but does no damage.
You barely miss the adder. The adder bites you but does no damage.
The adder bites you.
You hit the adder.
The adder is moderately wounded.
The orc closely misses you. Something hits you but does no damage.
The adder bites you.
You closely miss the adder.
The adder is moderately wounded.
The adder bites you but does no damage. The orc hits you but does no damage.
Something hits you. The adder bites you but does no damage.
The orc hits you with a +0 flail. Something hits you but does no damage.
You hit the adder but do no damage.
The adder is moderately wounded.
The adder bites you but does no damage.
A dart slug comes into view.
The orc closely misses you. Something hits you. The adder misses you.
You slash the adder!
You kill the adder!
The orc hits you but does no damage. You block something's attack.
The orc priest calls down the wrath of Beogh upon you.
Pain shoots through your body! The orc hits you but does no damage.
You hear some strange, mumbled words.
You are confused.
The orc priest hits you but does no damage.
The orc attacks as you move away! The orc closely misses you.
Something hits you.
The orc priest hits you with a +0 flail.
* * * LOW HITPOINT WARNING * * *
The dart slug launches a dart at you.
The slug dart hits you but does no damage.
The orc priest calls down the wrath of Beogh upon you.
Beogh smites you!
You die...

#. .# ##..###...
####.#.### .# #<.?<.....
.......<.# ###.##
#...#.....
.###.###.###.....
....... .S #.........#
##.#!.....# #.#.###.###
#.##o....#
#.#.###.######.##.....#
.#.......).ow..........
##.#.......o@..>##......
#.#####.######## #... #
#.# #.# ..# ###


You could see an orc priest, a dart slug and an orc.

Vanquished Creatures
  An adder (D:3)
  An ufetubus (D:2)
  A worm (D:2)
  A dart slug (D:2)
  An orc (D:3)
  4 bats
  4 endoplasms
  2 giant cockroaches (D:1)
  5 goblins
  5 hobgoblins
  5 kobolds
  2 quokkas
  5 ball pythons
  6 frilled lizards
  8 rats
51 creatures vanquished.

Notes
Turn   | Place    | Note
-------+----------+-------------------------------------------
     0 | D:1      | Ottie3000 the Barachi Fighter began the quest for the Orb.
     0 | D:1      | Reached XP level 1. HP: 18/18 MP: 1/1
   140 | D:1      | Reached XP level 2. HP: 25/25 MP: 2/2
   447 | D:1      | Learned a level 1 spell: Magic Dart
   667 | D:1      | Reached XP level 3. HP: 30/30 MP: 3/3
  1702 | D:2      | Reached XP level 4. HP: 35/37 MP: 4/4
  2032 | D:3      | Killed from afar by an orc priest

Illustrated notes

Levels and vault maps discovered:
D:1:      dpeg_arrival_simpleton_c, layout_loops_ring, minmay_octomino_e4
D:2:      layout_loops_ring, minmay_curled_crystal, minmay_lizard_pond
D:3:      layout_loops_ring, nicolae_ashenzari_panopticon

Skill      XL: |  1  2  3 |
---------------+----------+-----
Armour         | 4 |  4.2
Long Blades    | 3 |  3.8
Fighting       | 4 |  4.2
Dodging        | |  0.1
Stealth        | |  0.1
Shields        | |  3.6

Action                   |  1- 3 |  4- 6 || total
-------------------------+-------+-------++-------
Melee: Long sword        |   138 |    11 ||   149
       Staff             |    11 |       ||    11
Armor: Scale mail        |    72 |       ||    72
       Chain mail        |    18 |    23 ||    41
Dodge: Dodged            |    76 |    15 ||    91
Block: Buckler           |    34 |     3 ||    37

Table legend: (Time is in decaauts)
 A = Elapsed time spent in this place.
 B = Non-inter-level travel time spent in this place.
 C = Inter-level travel time spent in this place.
 D = Time resting spent in this place.
 E = Time spent auto-exploring this place.
 F = Levels seen in this place.
 G = Mean time per level.
                   A        B        C        D        E       F      G
               +--------+--------+--------+--------+--------+-----+--------+
         Total |   2384 |   2384 |      0 |    271 |      0 |   3 |  794.7 |
       Dungeon |   2384 |   2384 |      0 |    271 |      0 |   3 |  794.7 |
               +--------+--------+--------+--------+--------+-----+--------+

Top non-repeatable levels by time:
     D:2: 1277 daAuts
     D:1: 1071 daAuts
     D:3: 35 daAuts
